 Dungeon Crawl Stone Soup version 0.15.2 (webtiles) character file.

120 RottenBandages the Insei (level 4, 0/35 HPs)
             Began as a Mummy Monk on Oct 28, 2015.
             Slain by a hound (4 damage)
             ... on Level 3 of the Dungeon.
             The game lasted 00:02:29 (1956 turns).

RottenBandages the Insei (Mummy Monk)               Turns: 1956, Time: 00:02:29

HP   0/35        AC  2     Str 14      XL: 4   Next: 75%
MP   4/4         EV 13     Int  9      God:
Gold 113         SH  0     Dex 15      Spells:  0 memorised,  3 levels left

rFire  x . .     SeeInvis .       - Unarmed
rCold  + . .     Clarity  .     a - +0 robe
rNeg   + + +     rCorr    .     (no shield)
rPois  +         rRot     +     j - +0 hat
rElec  .         Spirit   .     (no cloak)
SustAb .         Warding  .     (no gloves)
rMut   .         Stasis   .     (no boots)
Gourm  .                        (no amulet)
MR     .....                    (no ring)
                                (no ring)

@: not resistant to hostile enchantments, unstealthy
A: no food or potions, fire vulnerability, restore body, cold resistance 1,
negative energy resistance 3, poison resistance, torment resistance, unbreathing
a: no special abilities


You were on level 3 of the Dungeon.
You were not hungry.

You visited 1 branch of the dungeon, and saw 3 of its levels.

You collected 113 gold pieces.


Innate Abilities, Weirdness & Mutations

You do not eat or drink.
Your flesh is vulnerable to fire.
Your flesh is cold resistant.
You are immune to negative energy.
Your system is resistant to poisons.
You are immune to unholy pain and torment.
You can survive without breathing.


   Skills:
 - Level 3.0 Fighting
 - Level 2.4 Dodging
 - Level 1.5 Stealth
 + Level 5.1 Unarmed Combat


You had 3 spell levels left.
You didn't know any spells.

Inventory:

Armour
 a - a +0 robe (worn)
 j - a +0 hat (worn)
Scrolls
 b - a scroll of magic mapping {unknown}
 c - a scroll of enchant armour
 d - a scroll of fog {unknown}
 e - a scroll of enchant weapon
 f - a scroll of noise {unknown}
 g - a scroll of remove curse
 h - a scroll of teleportation {unknown}
 i - a scroll of identify {@r1}

Dungeon Overview and Level Annotations

Branches:
Dungeon (3/15)

Altars:

...... #.....#
#.....# #.....#
#.....#####
##.........#
#<......?..#
#..........#
#....Mh....#
#..........#
#..........#
......./.....#
..............#
..............#
........#..##
##.....##..
....#


You could see a hound.


Message History

You miss the hound.
The hound is severely wounded.
The hound bites you.
* * * LOW HITPOINT WARNING * * *
You are too injured to fight recklessly!
You are too injured to fight recklessly!
You are too injured to fight recklessly!
You are too injured to fight recklessly!
You are too injured to fight recklessly!
You are too injured to fight recklessly!
You are too injured to fight recklessly!
You are too injured to fight recklessly!
You are too injured to fight recklessly!
You are too injured to fight recklessly!
You miss the hound.
The hound is severely wounded.
The hound closely misses you.
You closely miss the hound.
The hound is severely wounded.
The hound bites you.
* * * LOW HITPOINT WARNING * * *
The hound bites you.
* * * LOW HITPOINT WARNING * * *
You closely miss the hound.
The hound is severely wounded.
The hound misses you.
You closely miss the hound.
The hound is severely wounded.
The hound barely misses you. The hound bites you.
You die...

Action                   |  1- 3 |  4- 6 || total
-------------------------+-------+-------++-------
Melee: Unarmed           |   133 |    64 ||   197
  Use: Scroll            |     4 |       ||     4
 Stab: Sleeping          |     2 |     2 ||     4

Vault maps used:
D:1:      grunt_arrival_crossed_arrows
D:2:      grunt_ministairs_5, uniq_iyjb
D:3:      first_bread, st_stairs_5, minivault_14

Notes
Turn   | Place    | Note
--------------------------------------------------------------
     0 | D:1      | RottenBandages, the Mummy Monk, began the quest for the Orb.
     0 | D:1      | Reached XP level 1. HP: 18/18 MP: 1/1
   141 | D:1      | Reached XP level 2. HP: 20/24 MP: 2/2
   773 | D:2      | Reached skill level 4 in Unarmed Combat
   990 | D:2      | Reached XP level 3. HP: 29/29 MP: 3/3
  1049 | D:2      | Noticed Ijyb
  1108 | D:2      | Killed Ijyb
  1384 | D:2      | Reached XP level 4. HP: 33/35 MP: 4/4
  1719 | D:2      | Reached skill level 5 in Unarmed Combat
  1956 | D:3      | Slain by a hound

Vanquished Creatures
  Ijyb (D:2)
  7 adders (D:2)
  2 giant geckos
  3 giant cockroaches
  2 goblins (D:1)
  4 hobgoblins (D:1)
  5 bats
  4 giant newts
  8 kobolds
  2 quokkas (D:2)
  6 rats
44 creatures vanquished.
